 Dungeon Crawl Stone Soup version 0.27-a0-1572-gacd6f1ce93 (webtiles) character file.

Game seed: 1271957351637910623

9792 DocSulfur the Carver (level 11, -3/70 HPs)
             Began as a Djinni Gladiator on July 17, 2021.
             Was a Priest of Makhleb.
             Engulfed by an ice statue's freezing vapour (39 damage)
             ... on level 10 of the Dungeon.
             The game lasted 01:00:12 (17486 turns).

DocSulfur the Carver (Djinni Gladiator)            Turns: 17486, Time: 01:00:13

Health: -3/70      AC:  8    Str: 16    XL:     11   Next: 81%
Gold:   539        EV: 11    Int: 11    God:    Makhleb [***...] SH: 11 Dex: 14

rFire    + + .     SeeInvis .   d - +4 falchion (protect)
rCold    x . .     Faith    .   F - +0 kite shield
rNeg     + . .     Spirit   .   D - +0 ring mail
rPois    ∞         Reflect  .   c - +1 helmet
rElec    .         Harm     .   j - +0 cloak
rCorr    .         Rampage  .   (no gloves)
Will     +....                  (boots unavailable)
Stlth    +.........             (no amulet)
HPRegen  0.21/turn              m - ring of positive energy
MPRegen  0.00/turn              (no ring)

@: flying, very slightly contaminated, invisible
A: sickness immunity, fire resistance 2, cold vulnerability 1, float, innate
caster, hp casting, extra vitality 1
a: Renounce Religion, Minor Destruction, Lesser Servant of Makhleb


You were on level 10 of the Dungeon.
You worshipped Makhleb.
Makhleb was most pleased with you.
You visited 2 branches of the dungeon, and saw 12 of its levels.
You also visited: Sewer.

You collected 539 gold pieces.

Inventory:

Hand Weapons
 b - a +2 flail of holy wrath
 d - a +4 falchion of protection (weapon)
 e - a +1 vorpal hunting sling
 f - a +3 short sword
 i - a +1 scimitar of flaming
 n - a +1 vorpal trident
 K - a +2 trident of pain
 O - a +2 short sword of speed
 P - the +2 great sword of the Depths {flame, Str+3}
   (You found it on level 10 of the Dungeon)

   It burns those it strikes, dealing additional fire damage.
   Big, fiery blades are also staple armaments of hydra-hunters.
   Str:       It affects your strength (+3).
 R - a +2 scimitar of draining
Missiles
 g - 442 stones
 h - 33 poisoned darts
 o - 56 bolts
 r - 84 sling bullets
 v - 6 throwing nets (quivered)
 y - 4 atropa-tipped darts
 E - 2 boomerangs of dispersal
 H - 2 curare-tipped darts
 I - 10 boomerangs
 N - 5 javelins
Armour
 c - a +1 helmet (worn)
 j - a +0 cloak (worn)
 D - a +0 ring mail (worn)
 F - a +0 kite shield (worn)
Jewellery
 k - a +4 ring of evasion
 m - a ring of positive energy (left hand)
Wands
 J - a wand of flame (38)
Scrolls
 p - 2 scrolls of blinking
 s - 2 scrolls of teleportation
 B - a scroll of fear {unknown}
 L - a scroll of silence {unknown}
 M - 2 scrolls of brand weapon
Potions
 a - a potion of heal wounds
 l - a potion of degeneration {unknown}
 q - 2 potions of berserk rage
 t - a potion of haste {unknown}
 u - 3 potions of curing
 w - a potion of resistance {unknown}
 x - a potion of attraction {unknown}
 z - 4 potions of mutation
 A - a potion of brilliance {unknown}
 C - 2 potions of might
 Q - a potion of lignification
Miscellaneous
 G - a condenser vane


   Skills:
 + Level 2.6 Fighting
 * Level 9.4 Long Blades
 + Level 5.2(5.4) Slings
 - Level 1.5(3.7) Throwing
 - Level 5.6 Dodging
 * Level 8.7 Shields
 * Level 6.7 Spellcasting
 + Level 1.6 Invocations


You had 8 spell levels left.
You knew the following spells:

 Your Spells              Type           Power      Damage    Failure   Level
a - Sting                 Tmut/Pois      72%        1d6       4%          1
b - Passwall              Tmut/Erth      15%        N/A       8%          2
c - Frozen Ramparts       Ice            36%        1d5       16%         3
d - Animate Dead          Necr           9%         N/A       45%         4
e - Manifold Assault      Tloc           18%        N/A       80%         5
Your spell library was empty.

Dungeon Overview and Level Annotations

Branches:
Dungeon (11/15)            Temple (1/1) D:4            Lair (0/6) D:8
    Orc (0/2) D:9           Sewer (visited)

Altars:
Ashenzari
Elyvilon
Fedhas
Gozag
Hepliaklqana
Kikubaaqudgha
Makhleb
Nemelex Xobeh
Okawaru
Qazlal
Ru
Sif Muna
Trog
Uskayaw
Vehumet
Wu Jian
Xom
Yredelemnul
Zin
The Shining One

Shops:
D:4 [:[*   D:8 *[[[

Annotations:
D:9 3 runed translucent doors
D:10 exclusion: ice statue


Innate Abilities, Weirdness & Mutations

You are immune to sickness and miasma.
You are immune to poison.
Your flesh is very heat resistant. (rF++)
You are vulnerable to cold. (rC-)
You float through the air rather than walking.
You learn spells naturally, not from books.
Your magical power is your life essence.
You have superior vitality. (+4 HP)


Message History

Press: ? - help, Dir - move target You can't see that place. [an escape hatch in the ceiling.]
Okay, then.
Hit: d) +4 falchion (protect)
Press: ? - help, Dir - move target You can't see that place. [an escape hatch in the ceiling.]
Okay, then.
Press: ? - help, . - travel You can't see that place.
Press: ? - help, . - travel, g - get item You can't see that place. [Stash: a runed scimitar] [the floor.]
Found 17 sling bullets, a runed morningstar and 17 arrows.
You fade into invisibility!
You are very lightly contaminated with residual magic.
Really fly into a travel-excluded area?
Found a translucent great sword.
The ice statue gestures at you. The shard of ice misses you.
You see here a +4 ring of evasion.
k - a +4 ring of evasion You see here the +2 great sword of the Depths {flame, Str+3}.
P - the +2 great sword of the Depths {flame, Str+3} The ice statue gestures.
You see here 17 sling bullets.
You hit the ice statue but do no damage.
Your weapon exudes an aura of protection.
The ice beast barely misses you.
You riposte.
Your ring mail prevents you from hitting the ice beast.
You see here 17 arrows.
You see here a +2 scimitar of draining.
R - a +2 scimitar of draining The ice statue gestures at you.
The freezing blast misses you.
Found a book of the Earth.
Ouch! That really hurt!
You die...

###....# .......# .#
.......# .# .......# #.
.# ...:..:# #. .#
.......# #.#####.####
.......# #..........##
. .......#
#....≈≈≈.:..#..
.......# #...##@##.....
.......# #§.≈#§§§#≈.#
.......# #..≈≈§8Y§≈.#
.......# #..≈#.☼)#☼.#
.......# #...##§##..#
.......####....§§§...#
......................
##################....#
#####


You could see an ice statue and an ice beast (summoned).

Vanquished Creatures
  Harold (D:7)
  A two-headed ogre (D:8)
  Erica (D:8)
  Maurice (D:8)
  4 kobold demonologists (D:9)
  Prince Ribbit (D:7)
  A wraith (D:9)
  A wyvern (D:6)
  8 yaks (D:9)
  4 vampire mosquitoes (D:9)
  3 steam dragons
  Menkaure (D:7)
  An acid dragon (D:9)
  3 water moccasins (D:6)
  A sky beast (D:7)
  4 orc warriors
  2 ice beasts (D:7)
  A hornet zombie (D:5)
  6 necrophages
  A centaur (D:7)
  Blork the orc (D:5)
  4 kobold brigands
  3 bullfrogs
  A gnoll sergeant (D:9)
  A scorpion (D:5)
  2 wyvern zombies
  A water moccasin skeleton (D:7)
  8 killer bees
  3 wights (D:8)
  A bullfrog zombie (D:5)
  A centaur zombie (D:6)
  4 hounds
  3 orc priests
  A centaur skeleton (D:7)
  2 iguanas
  3 orc wizards
  A scorpion zombie (D:5)
  Robin (D:1)
  2 howler monkey zombies
  7 adders
  9 gnolls
  A river rat (Sewer)
  3 shadow imps
  A white imp (D:7)
  An ufetubus (D:4)
  An adder zombie (D:5)
  2 worms
  6 dart slugs
  25 orcs
  11 ball pythons
  3 bats
  4 endoplasms
  4 giant cockroaches
  12 hobgoblins
  8 jackals
  12 kobolds
  3 quokkas
  3 frilled lizards
  17 goblins
  10 rats
232 creatures vanquished.

Vanquished Creatures (others)
  A black bear (D:7)
  A kobold brigand (D:7)
  A scorpion (D:7)
  A howler monkey (D:7)
  4 bushes (D:5)
  13 plants (D:5)
21 creatures vanquished.

Grand Total: 253 creatures vanquished

Notes
Turn   | Place    | Note
-------+----------+-------------------------------------------
     0 | D:1      | DocSulfur the Djinni Gladiator began the quest for the Orb.
     0 | D:1      | Reached XP level 1. HP: 18/18 MP: 0/0
   163 | D:1      | Reached XP level 2. HP: 23/23 MP: 0/0
   211 | D:1      | Reached skill level 3 in Long Blades
   635 | D:1      | You are sucked into a shaft and drop 1 floor!
   643 | D:2      | Reached XP level 3. HP: 25/28 MP: 0/0
   643 | D:2      | Learned a level 1 spell: Sting
   941 | D:2      | Reached XP level 4. HP: 30/33 MP: 0/0
  1032 | D:2      | Noticed Robin
  2276 | D:1      | Killed Robin
  2277 | D:1      | Reached XP level 5. HP: 19/38 MP: 0/0
  2277 | D:1      | Learned a level 2 spell: Passwall
  2455 | D:2      | Found a hide-covered altar of Uskayaw.
  2740 | D:2      | Reached skill level 4 in Long Blades
  3101 | D:3      | Found a glowing silver altar of Zin.
  3309 | D:3      | Noticed a shining eye
  3313 | D:3      | Found a faded altar of an unknown god.
  3317 | D:3      | Noticed a shining eye
  3317 | D:3      | Noticed a floating eye
  3317 | D:3      | Noticed a great orb of eyes
  3428 | D:4      | Reached skill level 5 in Dodging
  3532 | D:4      | Found a sparkling altar of Nemelex Xobeh.
  3592 | D:4      | Found Woab's General Store.
  3663 | D:4      | Found Gibuiboi's Book Shop.
  3677 | D:4      | Found Veps's Antique Armour Shop.
  4016 | D:4      | Reached XP level 6. HP: 24/43 MP: 0/0
  4109 | D:4      | Found Diokud's Armour Boutique.
  4543 | D:4      | Found a staircase to the Ecumenical Temple.
  4573 | Temple   | Entered the Ecumenical Temple
  4670 | Temple   | Became a worshipper of Makhleb the Destroyer
  5005 | D:5      | Entered Level 5 of the Dungeon
  5005 | D:5      | Noticed a necrophage
  5020 | D:5      | Killed a necrophage
  5021 | D:5      | Reached skill level 1 in Slings
  5065 | D:5      | Found a bloodstained altar of Trog.
  5100 | D:5      | Noticed Blork the orc
  5626 | D:5      | Reached XP level 7. HP: 35/49 MP: 0/0
  5626 | D:5      | Learned a level 3 spell: Frozen Ramparts
  5718 | D:6      | Found a glowing drain.
  5718 | D:6      | Noticed a water moccasin
  5732 | D:6      | Killed a water moccasin
  5733 | D:6      | Reached skill level 5 in Long Blades
  5733 | D:6      | Reached skill level 1 in Shields
  5733 | D:6      | Reached skill level 1 in Spellcasting
  5734 | D:6      | Reached * piety under Makhleb
  5763 | Sewer    | Entered a sewer
  6060 | Sewer    | Found a white marble altar of Elyvilon.
  6278 | D:6      | Found an ornate altar of the Wu Jian Council.
  6591 | D:6      | Noticed a water moccasin
  6592 | D:6      | Noticed a water moccasin
  6592 | D:6      | Noticed a wyvern
  6598 | D:6      | Killed a water moccasin
  6599 | D:6      | Reached XP level 8. HP: 54/54 MP: 0/0
  6606 | D:6      | Killed a wyvern
  6910 | D:5      | Found an opulent altar of Gozag.
  6941 | D:5      | Killed Blork the orc
  7037 | D:5      | Reached skill level 6 in Long Blades
  7312 | D:5      | Found a broken altar of Ashenzari.
  7712 | D:5      | Found a blossoming altar of Fedhas.
  7863 | D:5      | Reached XP level 9. HP: 36/58 MP: 0/0
  7863 | D:5      | Learned a level 4 spell: Animate Dead
  8591 | D:5      | Reached skill level 5 in Shields
  8869 | D:7      | Noticed Harold
  9193 | D:7      | Found a hide-covered altar of Uskayaw.
  9235 | D:7      | Noticed Prince Ribbit
  9523 | D:8      | Found Gashrage's Armour Shop.
  9532 | D:8      | Found Cutz's Antique Armour Shoppe.
  9713 | D:8      | Reached skill level 7 in Long Blades
  9982 | D:8      | Found Nicot's Armour Shoppe.
 10009 | D:8      | Noticed Maurice
 10053 | D:8      | Killed Maurice
 10079 | D:8      | Reached ** piety under Makhleb
 10085 | D:8      | Reached XP level 10. HP: 33/64 MP: 0/0
 10365 | D:8      | Noticed a two-headed ogre
 10378 | D:8      | Killed a two-headed ogre
 10379 | D:8      | Reached skill level 5 in Spellcasting
 10455 | D:8      | Noticed Erica
 10628 | D:7      | Killed Harold
 10629 | D:7      | Reached skill level 8 in Long Blades
 11107 | D:7      | Killed Prince Ribbit
 11662 | D:7      | Found a shimmering altar of Xom.
 11947 | D:7      | Noticed Menkaure
 11951 | D:7      | Killed Menkaure
 12139 | D:8      | Found Ydeschev's Assorted Antiques.
 12540 | D:8      | Found a staircase to the Lair.
 12598 | D:8      | Killed Erica
 12599 | D:8      | Reached XP level 11. HP: 68/68 MP: 0/0
 12599 | D:8      | Learned a level 5 spell: Manifold Assault
 13231 | D:9      | Found a staircase to the Orcish Mines.
 13577 | D:9      | Found a glowing golden altar of the Shining One.
 13841 | D:9      | Noticed a white very ugly thing
 13842 | D:9      | Found a runed translucent gate.
 13842 | D:9      | Noticed a glowing orange brain
 13842 | D:9      | Noticed a green ugly thing
 13843 | D:9      | Found a runed translucent gate.
 13843 | D:9      | Found a runed translucent gate.
 13843 | D:9      | Noticed a cyan ugly thing
 13843 | D:9      | Noticed a white ugly thing
 14099 | D:9      | Reached skill level 9 in Long Blades
 14539 | D:9      | Found a white marble altar of Elyvilon.
 15239 | D:9      | Reached skill level 5 in Slings
 15615 | D:9      | Noticed a soul eater
 15652 | D:9      | Noticed a sun demon
 15739 | D:9      | Reached skill level 1 in Invocations
 15805 | D:9      | Reached *** piety under Makhleb
 16699 | D:10     | Entered Level 10 of the Dungeon
 17479 | D:10     | Identified the +2 great sword of the Depths {flame, Str+3}
 17486 | D:10     | Engulfed by an ice statue's freezing vapour

Illustrated notes

Levels and vault maps discovered:
D:1:      dpeg_arrival_morbid_curiosity, layout_basic
D:2:      layout_basic, basic_altar, minmay_diced_spiral, uniq_robin
D:3:      layout_rooms, mainiacjoe_overflow_boulevard,
          hellmonk_ecumenical_altar_watching_god,
          amcnicky_mini_rare_corridor_liquid
D:4:      layout_loops_ring, mainiacjoe_overflow_tiny_flanked,
          minmay_temple_entry_fiery, serial_shops, shop, shop_fountains, shop,
          shop
D:5:      kennysheep_steamy, layout_cave_pools, lemuel_tele_altar,
          amcnicky_altar_gilded, nicolae_gozag_seed_capital,
          fedhas_altar_decomposition, kennysheep_small_spiral,
          uniq_blork_the_orc
D:6:      layout_basic, nzn_wu_jian_council_hall, cheibrodos_sewer_entry_drain
D:7:      layout_basic, xom_confusion_cloud,
          mainiacjoe_overflow_small_starburst, uniq_prince_ribbit1, uniq_harold,
          uniq_menkaure
D:8:      layout_loops_corners, dpeg_oklobed_lair, serial_shops, shop_fountains,
          nicolae_take_the_stairs, nicolae_shop_crystal, kennysheep_mini_moat,
          kennysheep_generic_room_3, uniq_erica, uniq_maurice
D:9:      layout_roguey, marbit_many_paths, nicolae_overflow_hidden_temple,
          orc_0_dummy, ploomutoo_gammafunk_ghost_potion_laboratory
D:10:     minmay_coctagon, layout_long_grid,
          mainiacjoe_overflow_concentric_impassable,
          mainiacjoe_overflow_catwalk, minivault_15, kennysheep_nondescript,
          disabler_island
D:11:     layout_basic, minmay_misc_feat_pillars, uniq_gastronok
Temple:   compressed_dpeg_triangle_lava_temple

Skill      XL: |  1  2  3  4  5  6  7  8  9 10 11 |
---------------+----------------------------------+-----
Long Blades    | 3 4 5 6 7 8 9 |  9.4
Dodging        | 4 5 |  5.6
Slings         | 1 2 3 4 5 |  5.2
Shields        | 2 4 5 7 8 |  8.7
Spellcasting   | 2 3 4 5 6 |  6.7
Invocations    | 1 |  1.6
Fighting       | |  2.6
Throwing       | |  1.5

Action                   |  1- 3 |  4- 6 |  7- 9 | 10-12 || total
-------------------------+-------+-------+-------+-------++-------
Melee: Long sword        |    64 |   183 |    54 |       ||   301
       Short sword       |       |    41 |   319 |    76 ||   436
       Falchion          |       |       |       |   474 ||   474
 Fire: Hunting sling     |       |    48 |     9 |    45 ||   102
Throw: Dart              |     9 |       |     9 |     2 ||    20
       Throwing net      |       |       |     6 |     6 ||    12
       Stone             |       |       |     1 |       ||     1
Evoke: Wand              |       |       |    22 |    18 ||    40
  Use: Potion            |       |       |     1 |     5 ||     6
       Scroll            |       |       |       |    10 ||    10
 Stab: Sleeping          |     2 |       |       |       ||     2
       Paralysed         |       |       |    22 |     4 ||    26
       Held in net/web   |       |       |     2 |     7 ||     9
Armor: Leather armour    |    17 |    47 |       |       ||    64
       Ring mail         |       |    24 |    93 |   181 ||   298
Dodge: Dodged            |    34 |   157 |   220 |   252 ||   663
Block: Kite shield       |       |       |       |   241 ||   241
       Rpst.: Long sword |    13 |    40 |     9 |       ||    62
       Falchion          |       |       |       |    60 ||    60

Table legend: (Time is in decaauts)
 A = Elapsed time spent in this place.
 B = Non-inter-level travel time spent in this place.
 C = Inter-level travel time spent in this place.
 D = Time resting spent in this place.
 E = Time spent auto-exploring this place.
 F = Levels seen in this place.
 G = Mean time per level.
                   A        B        C        D        E       F      G
               +--------+--------+--------+--------+--------+-----+--------+
         Total |  17491 |  16501 |    990 |   1283 |   9856 |  13 | 1345.5 |
       Dungeon |  16793 |  15803 |    990 |   1142 |   9605 |  11 | 1526.6 |
        Temple |    323 |    323 |      0 |      0 |    251 |   1 |  323.0 |
         Sewer |    374 |    374 |      0 |    141 |      0 |   1 |  374.0 |
               +--------+--------+--------+--------+--------+-----+--------+

Top non-repeatable levels by time:
     D:9: 4289 daAuts
     D:8: 1939 daAuts
     D:5: 1901 daAuts
     D:4: 1896 daAuts
     D:1: 1849 daAuts
     D:7: 1691 daAuts
     D:6: 1414 daAuts
     D:2: 1018 daAuts
     D:3: 586 daAuts
   Sewer: 374 daAuts
  Temple: 323 daAuts
    D:10: 201 daAuts
    D:11: 6 daAuts
